 Dungeon Crawl Stone Soup version 0.29-a0-422-gafbd6decc1 (webtiles) character file.

Game seed: 4416148215058423636

483 happo123 the Ruffian (level 6, 0/59 HPs)
             Began as a Troll Transmuter on May 19, 2022.
             Was a Follower of the Shining One.
             Slain by an orc
             ... wielding a +0 flail
              (3 damage)
             ... on level 5 of the Dungeon.
             The game lasted 00:12:11 (3092 turns).

happo123 the Ruffian (Troll Transmuter)             Turns: 3092, Time: 00:12:12

Health: 0/59       AC:  4    Str: 19    XL:     6   Next: 87%
Magic:  8/8        EV: 10    Int: 11    God:    the Shining One [*.....]
Gold:   247        SH:  0    Dex: 10    Spells: 6/9 levels left

rFire   . . .      SeeInvis +     - Unarmed
rCold   . . .      Faith    .   (no shield)
rNeg    . . .      Spirit   .   a - +0 robe
rPois   .          Reflect  .   (helmet restricted)
rElec   .          Harm     .   t - scarf {+Inv}
rCorr   .          Rampage  .   (gloves unavailable)
Will    .....                   (boots unavailable)
Stlth   +.........              s - amulet of the acrobat
HPRegen 0.99/turn               r - ring of see invisible
MPRegen 0.11/turn               (no ring)

@: glowing
A: large, unfitting armour, claws 3, regeneration 1, shaggy fur 1, tough skin 1
a: Renounce Religion, Evoke Invisibility, Divine Shield


You were on level 5 of the Dungeon.
You worshipped the Shining One.
The Shining One was aware of your devotion.
You visited 1 branch of the dungeon, and saw 5 of its levels.

You collected 247 gold pieces.

Inventory:

Armour
 a - a +0 robe (worn)
 e - a +0 cloak
 t - a scarf of invisibility (worn)
Jewellery
 r - a ring of see invisible (left claw)
 s - an amulet of the acrobat (around neck)
Wands
 u - a wand of polymorph (6)
Scrolls
 c - 3 scrolls of vulnerability {unknown}
 f - a scroll of summoning {unknown}
 k - 3 scrolls of identify {unknown}
 n - 2 scrolls of enchant weapon {unknown}
 o - a scroll of fear {unknown}
 p - 3 scrolls of teleportation {unknown}
 q - a scroll of enchant armour {unknown}
 v - a scroll of noise {unknown}
Potions
 b - a potion of lignification
 d - 2 potions of degeneration {unknown}
 g - a potion of ambrosia {unknown}
 h - a potion of flight {unknown}
 i - 3 potions of brilliance {unknown}
 j - 2 potions of curing {unknown}
 l - 2 potions of heal wounds {unknown}
 m - a potion of might {unknown}


   Skills:
 + Level 2.6 Fighting
 + Level 3.0 Dodging
 + Level 4.3 Unarmed Combat
 + Level 2.3 Spellcasting
 + Level 2.7 Transmutations


You had 6 spell levels left.
You knew the following spells:

 Your Spells              Type           Power      Damage    Failure   Level
a - Beastly Appendage     Tmut           14%        N/A       9%          1
b - Wereblood             Tmut           7%         N/A       14%         2

Your spell library contained the following spells:

 Spells                   Type           Power      Damage    Failure   Level
 Sting                    Tmut/Pois      16%        1d3       16%         1
 Poisonous Vapours        Pois/Air       2%         N/A       38%         2
 Static Discharge         Conj/Air       1%         N/A       38%         2
 Spider Form              Tmut/Pois      4%         N/A       43%         3
 Ice Form                 Ice/Tmut       4%         N/A       85%         4
 Olgreb's Toxic Radiance  Pois           1%         N/A       95%         4
 Lightning Bolt           Conj/Air       0%         1d11      100%        5
 Maxwell's Capacitive Co  Air            0%         ∞         100%        8


Dungeon Overview and Level Annotations

Branches:
Dungeon (5/15)
 Temple: D:4-7

Altars:
Elyvilon
Makhleb
Ru
Wu Jian
The Shining One


Innate Abilities, Weirdness & Mutations

You are too large for most types of armour.
You have claws for hands.
Your natural rate of healing is unusually fast.
You are covered in fur. (AC +1)
You have tough skin. (AC +1)


Message History

The orc hits you with a +0 mace. The orc closely misses you.
The orc wizard hits you with a +0 dagger.
You scratch the orc wizard.
The orc wizard is almost dead.
You howl as the wereblood boils in your veins!
The orc wizard hits you with a +0 dagger.
The orc hits you with a +0 flail. The orc hits you with a +0 mace.
* * * LOW HITPOINT WARNING * * *
You scratch the orc wizard.
You feel a bit better.
You kill the orc wizard!
You howl as the wereblood boils in your veins!
Your primal bloodlust has ended.
The orc barely misses you. The orc hits you with a +0 mace.
* * * LOW HITPOINT WARNING * * *
The orc completely misses you. x2
Things that are here:
a +0 dagger; a +0 robe; an orc corpse You scratch the orc.
The orc is moderately wounded.
The orc hits you with a +0 flail.
* * * LOW HITPOINT WARNING * * *
The orc hits you with a +0 mace.
* * * LOW HITPOINT WARNING * * *
You barely miss the orc.
The orc is moderately wounded.
The orc hits you with a +0 mace.
* * * LOW HITPOINT WARNING * * *
The orc misses you.
You barely miss the orc.
The orc is moderately wounded.
The orc closely misses you. The orc hits you with a +0 mace.
* * * LOW HITPOINT WARNING * * *
You barely miss the orc.
The orc is moderately wounded.
You barely miss the orc.
The orc is moderately wounded.
The orc hits you with a +0 mace.
* * * LOW HITPOINT WARNING * * *
The orc hits you with a +0 flail.
You die...

#.......................
#.......................
################'#########
#.............#
#.............#
#.............#
#....)........#
#...o)........#
#...o@........#
#.............#
#.............#
#.............
#.....####### #.....#
#.....# #.....#


You could see 2 orcs.

Vanquished Creatures
  A phantom (D:4)
  An orc priest (D:3)
  3 iguanas
  A scorpion zombie (D:3)
  Ijyb (D:4)
  2 orc wizards (D:5)
  4 gnolls (D:4)
  4 adders
  A white imp (D:4)
  2 ufetubi
  A worm (D:2)
  10 orcs
  8 bats
  8 endoplasms
  3 giant cockroaches (D:1)
  5 goblins
  7 hobgoblins
  7 jackals
  6 kobolds
  3 quokkas
  7 ball pythons
  6 frilled lizards
  7 rats
98 creatures vanquished.

Vanquished Creatures (others)
  A withered plant (D:3)
1 creature vanquished.

Grand Total: 99 creatures vanquished

Notes
Turn   | Place    | Note
-------+----------+-------------------------------------------
     0 | D:1      | happo123 the Troll Transmuter began the quest for the Orb.
     0 | D:1      | Reached XP level 1. HP: 18/18 MP: 1/1
    94 | D:1      | Reached skill level 1 in Fighting
    95 | D:1      | Reached XP level 2. HP: 27/27 MP: 3/3
   444 | D:1      | Reached XP level 3. HP: 33/33 MP: 4/4
   687 | D:2      | Found a white marble altar of Elyvilon.
   716 | D:2      | Became a worshipper of Elyvilon the Healer
  1052 | D:2      | Reached XP level 4. HP: 36/41 MP: 5/5
  1297 | D:3      | Reached * piety under Elyvilon
  1328 | D:3      | Found a sacrificial altar of Ru.
  1502 | D:3      | Reached XP level 5. HP: 49/49 MP: 6/6
  2085 | D:4      | Reached ** piety under Elyvilon
  2191 | D:4      | Learned a level 2 spell: Wereblood
  2368 | D:4      | Found a glowing golden altar of the Shining One.
  2376 | D:4      | Fell from the grace of Elyvilon
  2376 | D:4      | Became a worshipper of the Shining One
  2376 | D:4      | Reached * piety under the Shining One
  2415 | D:4      | Reached skill level 4 in Unarmed Combat
  2419 | D:4      | Noticed a phantom
  2434 | D:4      | Reached XP level 6. HP: 49/57 MP: 6/8
  2642 | D:4      | Found a burning altar of Makhleb.
  2702 | D:4      | Noticed Ijyb
  2708 | D:4      | Killed Ijyb
  2747 | D:4      | Found an ornate altar of the Wu Jian Council.
  2917 | D:5      | Entered Level 5 of the Dungeon
  3092 | D:5      | Slain by an orc

Illustrated notes

Levels and vault maps discovered:
D:1:      mushboom_english_gardens, layout_basic, minmay_misc_feat_rows
D:2:      layout_rooms, basic_altar
D:3:      layout_basic, nicolae_ru_sacrificial_ziggurat, serial_undead,
          serial_undead_e, serial_undead_b, serial_undead_f, serial_undead_a
D:4:      minmay_clustersquares, layout_loops_corners, kennysheep_mini_moat,
          mainiacjoe_overflow_paths, mainiacjoe_overflow_surrounded_room,
          uniq_ijyb
D:5:      layout_gridville, hangedman_decor_push, uniq_sigmund

Skill      XL: |  1  2  3  4  5  6 |
---------------+-------------------+-----
Fighting       | 1 2 |  2.6
Dodging        | 2 3 |  3.0
Transmutations | 2 |  2.7
Spellcasting   | 2 |  2.3
Unarmed Combat | 4 |  4.3

Action                   |  1- 3 |  4- 6 || total
-------------------------+-------+-------++-------
Melee: Unarmed           |   123 |   154 ||   277
       Headbutt          |     1 |     7 ||     8
       Kick              |       |    12 ||    12
       Punch             |       |     2 ||     2
 Cast: Beastly Appendage |     1 |     6 ||     7
       Wereblood         |       |     2 ||     2
 Stab: Sleeping          |     1 |       ||     1
Armor: Robe              |    40 |    37 ||    77
Dodge: Dodged            |    68 |    85 ||   153

Table legend: (Time is in decaauts)
 A = Elapsed time spent in this place.
 B = Non-inter-level travel time spent in this place.
 C = Inter-level travel time spent in this place.
 D = Time resting spent in this place.
 E = Time spent auto-exploring this place.
 F = Levels seen in this place.
 G = Mean time per level.
                   A        B        C        D        E       F      G
               +--------+--------+--------+--------+--------+-----+--------+
         Total |   3072 |   2751 |    321 |      0 |   2099 |   5 |  614.4 |
       Dungeon |   3072 |   2751 |    321 |      0 |   2099 |   5 |  614.4 |
               +--------+--------+--------+--------+--------+-----+--------+

Top non-repeatable levels by time:
     D:4: 929 daAuts
     D:3: 860 daAuts
     D:1: 665 daAuts
     D:2: 444 daAuts
     D:5: 172 daAuts
